 Dungeon Crawl Stone Soup version 0.26-a0-154-g3d63440f56 (console) character file.

Game seed: 18135197098272052218

798 bli the Magician (level 7, -4/51 HPs)
             Began as a Demonspawn Wanderer on June 30, 2020.
             Was an Initiate of Ru.
             Slain by an ogre
             ... wielding a +0 giant spiked club
              (14 damage)
             ... on level 5 of the Dungeon.
             The game lasted 00:26:56 (5160 turns).

bli the Magician (Demonspawn Wanderer)              Turns: 5160, Time: 00:26:58

Health: -4/51      AC: 20    Str: 11    XL:     7   Next: 58%
Magic:  10/13      EV: 12    Int: 26    God:    Ru [......]
Gold:   238        SH:  0    Dex: 14    Spells: 11/15 levels left

rFire    + . .     SeeInvis .   b - +0 long sword
rCold    . . .     Faith    .   (no shield)
rNeg     . . .     Spirit   .   B - +1 leather armour "Lodecio" {MR+ rCorr Int+8 Stlth-}
rPois    .         Reflect  .   m - +0 helmet {Int+3}
rElec    .         Harm     .   (no cloak)
rCorr    +                      y - +2 pair of gloves
MR       +....                  (no boots)
Stlth    ..........             (no amulet)
HPRegen  0.17/turn              t - ring of protection from fire
MPRegen  0.13/turn              (no ring)

@: sanguine armour
A: hooves 1, sanguine armour 3
a: Renounce Religion


You were on level 5 of the Dungeon.
You worshipped Ru.
Ru was noncommittal.
You were not hungry.

You visited 1 branch of the dungeon, and saw 5 of its levels.
You also visited: Ossuary.

You collected 238 gold pieces.

Inventory:

Hand Weapons
 a - a +2 shortbow
 b - a +0 long sword (weapon)
 n - a +0 mace
 z - a +0 dagger of draining
Missiles
 k - 94 stones (quivered)
 p - 32 arrows
 C - 5 boomerangs
Armour
 m - a +0 helmet of intelligence (worn)
 q - a +2 helmet
 y - a +2 pair of gloves (worn)
 B - the +1 leather armour "Lodecio" (worn) {MR+ rCorr Int+8 Stlth-}
   (You found it on level 4 of the Dungeon)

   It affects your intelligence (+8).
   It affects your resistance to hostile enchantments.
   It provides partial protection from all sources of acid and corrosion.
   It makes you less stealthy.
Jewellery
 t - a ring of protection from fire (left hand)
 u - an uncursed amulet of the acrobat
Wands
 d - a wand of random effects (40)
 x - a wand of flame (20)
Scrolls
 g - 2 scrolls of identify {unknown}
 o - a scroll of blinking {unknown}
 r - a scroll of immolation {unknown}
 s - a scroll of enchant armour {unknown}
 v - 2 scrolls of fear {unknown}
 w - a scroll of acquirement {unknown}
 A - a scroll of remove curse {unknown}
Potions
 c - a potion of magic {unknown}
 e - a potion of flight {unknown}
 h - 3 potions of curing
 i - 3 potions of stabbing {unknown}
 j - 2 potions of haste {unknown}
 l - 2 potions of resistance {unknown}
Comestibles
 f - 8 rations


   Skills:
 + Level 2.7 Fighting
 + Level 4.2 Bows
 - Level 2.0 Armour
 + Level 1.7 Dodging
 + Level 1.7 Stealth
 * Level 4.6 Spellcasting
 + Level 2.4 Conjurations
 + Level 2.6 Fire Magic
 + Level 1.0 Evocations


You had 11 spell levels left.
You knew the following spells:

 Your Spells              Type           Power        Failure   Level  Hunger
a - Foxfire               Conj/Fire      ###.         3%          1    None
b - Conjure Flame         Conj/Fire      ###.....     12%         3    ##.....

Your spell library contained the following spells:

 Spells                   Type           Power        Failure   Level  Hunger


Dungeon Overview and Level Annotations

Branches:
Dungeon (5/15)             Temple (0/1) D:4         Ossuary (visited)

Altars:
Ru


Innate Abilities, Weirdness & Mutations

You have large cloven feet.
When seriously injured, your bleeding wounds create very thick armour. (AC +12)


Message History

The quasit claws you but does no damage.
The killer bee barely misses you.
It was a potion of curing.
You feel better. The killer bee barely misses you.
You riposte.
You miss the killer bee.
The killer bee is almost dead.
The quasit bites you but does no damage.
The quasit claws you but does no damage.
The quasit closely misses you. The killer bee barely misses you.
You riposte.
You hit the killer bee.
You kill the killer bee!
The ogre hits you but does no damage.
The quasit bites you but does no damage.
The quasit misses you.
The quasit claws you but does no damage.
Casting: Foxfire (safe; 3% risk of failure)
Confirm with . or Enter, or press ? or * to list all spells.
You conjure some foxfire!
The quasit bites you but does no damage.
The quasit claws you but does no damage.
The quasit closely misses you.
The ogre hits you with a +0 giant spiked club!
You die...

.......
......
.....
###...##
#......#
#$.....#
#......#
#...v..# #
#..v@..#
#.#..5O..#
#........+
###......#
#......#
.........#
#.........#
#.........#
#.........#
####......#
########


You could see an ogre and a quasit.

Vanquished Creatures
  2 elf zombies (Ossuary)
  A killer bee (D:5)
  A bullfrog zombie (D:3)
  3 orc priests
  A human zombie (Ossuary)
  Ijyb (D:4)
  An orc wizard (D:4)
  2 worker ants (D:3)
  2 big kobold zombies (Ossuary)
  A hound skeleton (D:4)
  A hound zombie (Ossuary)
  3 mummies (Ossuary)
  Robin (D:2)
  7 gnolls (D:3)
  6 adders
  2 oozes
  An adder zombie (Ossuary)
  A worm (D:3)
  2 dart slugs (D:1)
  3 leopard geckos
  6 orcs
  A ball python (D:2)
  10 giant cockroaches
  4 gnoll zombies (Ossuary)
  18 goblins
  8 hobgoblins
  A quokka (D:2)
  A ball python skeleton (D:4)
  11 bats
  4 frilled lizards
  5 goblin zombies (Ossuary)
  5 hobgoblin zombies (Ossuary)
  3 jackal zombies (Ossuary)
  7 kobolds
  4 kobold zombies (Ossuary)
  A leopard gecko skeleton (D:5)
  2 orc zombies (Ossuary)
  A quokka skeleton (D:4)
  6 quokka zombies
  8 rats
  2 rat zombies (Ossuary)
150 creatures vanquished.

Vanquished Creatures (others)
  259 foxfires
259 creatures vanquished.

Grand Total: 409 creatures vanquished

Notes
Turn   | Place    | Note
-------+----------+-------------------------------------------
     0 | D:1      | bli the Demonspawn Wanderer began the quest for the Orb.
     0 | D:1      | bli set off with the following items: a +2 shortbow, 26
                  | arrows, a +0 mace, a +0 robe, a ration; and the following
                  | spell memorised: Foxfire; and the following spells
                  | available to memorise: Conjure Flame
     0 | D:1      | Reached XP level 1. HP: 15/15 MP: 3/3
   302 | D:1      | Gained mutation: When seriously injured, your bleeding
                  | wounds create armour. (AC +12) [demonic ancestry]
   302 | D:1      | Reached XP level 2. HP: 21/21 MP: 5/5
   744 | D:2      | Gained mutation: When seriously injured, your bleeding
                  | wounds create thick armour. (AC +12) [demonic ancestry]
   744 | D:2      | Reached XP level 3. HP: 26/26 MP: 3/6
   890 | D:2      | Reached skill level 1 in Conjurations
   900 | D:2      | Gained mutation: You have large cloven feet. [demonic
                  | ancestry]
   900 | D:2      | Reached XP level 4. HP: 32/32 MP: 5/8
  2039 | D:2      | Noticed Robin
  2043 | D:2      | Killed Robin
  2043 | D:2      | Gained mutation: When seriously injured, your bleeding
                  | wounds create very thick armour. (AC +12) [demonic
                  | ancestry]
  2043 | D:2      | Reached XP level 5. HP: 37/37 MP: 9/9
  2307 | D:3      | Reached skill level 1 in Dodging
  2500 | D:3      | Learned a level 3 spell: Conjure Flame
  2810 | D:3      | Reached XP level 6. HP: 32/44 MP: 9/11
  3881 | D:4      | Found a sacrificial altar of Ru.
  3921 | D:4      | Became a worshipper of Ru the Awakened
  4024 | D:4      | Found a staircase to the Ecumenical Temple.
  4028 | D:4      | Got a fine leather armour
  4039 | D:4      | Identified the +1 leather armour "Lodecio" {MR+ rCorr Int+8
                  | Stlth-} (You found it on level 4 of the Dungeon)
  4135 | D:4      | Noticed Ijyb
  4156 | D:4      | Killed Ijyb
  4299 | D:4      | Found a sand-covered staircase.
  4306 | Ossuary  | Entered an ossuary
  4424 | Ossuary  | Reached XP level 7. HP: 48/51 MP: 4/12
  5140 | D:5      | Entered Level 5 of the Dungeon
  5160 | D:5      | Slain by an ogre

Illustrated notes

Levels and vault maps discovered:
D:1:      lightli_arrival_isolated_outpost, layout_basic, minmay_misc_feat_chi
D:2:      layout_rooms, uniq_robin
D:3:      layout_loops_ring, first_ration
D:4:      layout_loops_ring, nicolae_ru_great_annihilating_truth,
          minmay_temple_entry_overgrown, enter_ossuary_4, uniq_ijyb
D:5:      layout_basic

Skill      XL: |  1  2  3  4  5  6  7 |
---------------+----------------------+-----
Armour         | 2 |  2.0
Bows           | 2 3 4 |  4.2
Conjurations   | 1 2 |  2.4
Spellcasting   | 3 4 |  4.6
Dodging        | 1 |  1.7
Fighting       | 2 |  2.7
Fire Magic     | 2 |  2.6
Stealth        | |  1.7
Evocations     | |  1.0

Action                   |  1- 3 |  4- 6 |  7- 9 || total
-------------------------+-------+-------+-------++-------
Melee: Mace              |     7 |       |       ||     7
       Long sword        |       |    23 |    63 ||    86
       Kick              |       |     8 |    23 ||    31
       Shortbow          |       |     2 |       ||     2
 Fire: Shortbow          |    23 |   145 |       ||   168
Throw: Stone             |       |     6 |       ||     6
 Cast: Foxfire           |    24 |    88 |    49 ||   161
       Conjure Flame     |       |     1 |       ||     1
  Use: Potion            |       |       |     1 ||     1
  Eat: Chunk             |       |    11 |       ||    11
       Ration            |       |       |     1 ||     1
Armor: Robe              |     8 |    12 |       ||    20
       Leather armour    |       |    33 |    60 ||    93
Dodge: Dodged            |    36 |    99 |    79 ||   214
       Rpst.: Long sword |       |     4 |    25 ||    29

Table legend:
 A = Non-vault XP
 B = Vault XP
 C = Vault XP percentage of total XP
 D = Non-vault monster count
 E = Vault monster count
 F = Vault count percentage of total count
                 A         B        C        D         E       F
            +---------+---------+-------+---------+---------+-------
      Total |     624 |     517 |  45.3 |      92 |      58 |  38.7
            +---------+---------+-------+---------+---------+-------
        D:1 |      88 |       6 |   6.4 |      22 |       3 |  12.0
        D:2 |      78 |      30 |  27.8 |      23 |       9 |  28.1
        D:3 |     339 |       0 |   0.0 |      34 |       0 |   0.0
        D:4 |      59 |      90 |  60.4 |      11 |       7 |  38.9
        D:5 |      60 |       0 |   0.0 |       2 |       0 |   0.0
    Ossuary |       0 |     391 | 100.0 |       0 |      39 | 100.0
            +---------+---------+-------+---------+---------+-------
